 Dungeon Crawl Stone Soup version 0.31-a0-978-g1e143483b6 (webtiles) character file.

Game seed: 743933680224781790

130 Persephone the Chopper (level 5, -3/32 HPs)
             Began as a Gargoyle Fighter on Oct 30, 2023.
             Slain by an orc
             ... wielding a +0 trident
              (6 damage)
             ... on level 3 of the Dungeon.
             The game lasted 00:02:24 (1977 turns).

Persephone the Chopper (Gargoyle Fighter)           Turns: 1977, Time: 00:02:24

Health: -3/32      AC: 12    Str: 22    XL:     5   Next: 14%
Magic:  5/5        EV:  9    Int:  8    God:
Gold:   137        SH:  4    Dex:  9    Spells: 4/4 levels left

rFire   . . .        i - +0 broad axe
rCold   . . .        c - +0 buckler
rNeg    + . .        b - +0 scale mail
rPois   ∞            (no helmet)
rElec   +            (no cloak)
rCorr   .            (no gloves)
SInv    .            p - +0 pair of boots
Will    .....        (no amulet) Stlth
                     (no ring)
HPRegen 0.25/turn    (no ring)
MPRegen 0.09/turn

%: no passive effects
@: mighty
A: sickness immunity, AC +4, negative energy resistance 1, electricity
resistance, torment resistance 1, petrification resistance
a: no special abilities


You were on level 3 of the Dungeon.
You visited 1 branch of the dungeon, and saw 3 of its levels.

You collected 137 gold pieces.

Inventory:

Hand Weapons
 i - a +0 broad axe (weapon)
Missiles
 o - 4 javelins (quivered)
Armour
 b - a +0 scale mail (worn)
 c - a +0 buckler (worn)
 p - a +0 pair of boots (worn)
Jewellery
 e - a ring of fire
 h - an amulet of the acrobat
Wands
 u - a wand of polymorph (11)
Scrolls
 a - a scroll of revelation {unknown}
 f - a scroll of fear {unknown}
 g - 3 scrolls of poison {unknown}
 j - a scroll of amnesia {unknown}
 k - 4 scrolls of identify {unknown}
 l - a scroll of teleportation {unknown}
 m - a scroll of enchant armour {unknown}
 q - 3 scrolls of fog {unknown}
 r - a scroll of brand weapon {unknown}
 s - a scroll of noise {unknown}
Potions
 d - a potion of might
 n - 2 potions of resistance {unknown}
 t - a potion of brilliance {unknown}


   Skills:
 - Level 3.2 Fighting
 + Level 4.7 Axes
 - Level 3.2 Armour
 - Level 3.2 Shields


You had 4 spell levels left.
You didn't know any spells.
Your spell library contained the following spells:

 Spells                   Type           Power      Damage    Failure   Level
 Foxfire                  Conj/Fire      0%         2x1d4     80%         1
 Summon Small Mammal      Summ           0%         N/A       80%         1
 Call Canine Familiar     Summ           0%         N/A       99%         3
 Inner Flame              Hex/Fire       0%         N/A       99%         3
 Summon Guardian Golem    Hex/Summ       0%         N/A       99%         3
 Yara's Violent Unravell  Hex/Tmut       0%         3d3       100%        5
 Plasma Beam              Fire/Air       0%         2x1d10    100%        6
 Starburst                Conj/Fire      0%         6d3       100%        6
 Enfeeble                 Hex            0%         N/A       100%        7


Dungeon Overview and Level Annotations

Branches:
Dungeon (3/15)

Altars:
Ashenzari

Annotations:
D:3 RandomusNamus's ghost, amateur OpCj


Innate Abilities, Weirdness & Mutations

You are immune to sickness and miasma.
Your stone body is resilient. (AC +4)
You are immune to poison.
You resist negative energy. (rN+)
You are resistant to electric shocks. (rElec)
You are resistant to unholy torment.
You are immune to petrification.


Message History

The orc barely misses you.
RandomusNamus's ghost closely misses you.
The orc barely misses you.
You closely miss RandomusNamus's ghost.
RandomusNamus's ghost is heavily damaged.
RandomusNamus's ghost hits you but does no damage.
The orc hits you but does no damage.
You closely miss RandomusNamus's ghost.
RandomusNamus's ghost is heavily damaged.
RandomusNamus's ghost barely misses you.
The orc hits you but does no damage.
RandomusNamus's ghost barely misses you.
You slash RandomusNamus's ghost!
RandomusNamus's ghost is almost destroyed.
The orc hits you but does no damage.
RandomusNamus's ghost hits you but does no damage.
You block the orc's attack.
You barely miss RandomusNamus's ghost.
RandomusNamus's ghost is almost destroyed.
RandomusNamus's ghost stares at you and mumbles some strange words.
The magic dart hits you but does no damage.
The orc barely misses you.
You barely miss RandomusNamus's ghost.
RandomusNamus's ghost is almost destroyed.
You closely miss the orc.
RandomusNamus's ghost casts a spell at you.
The magic dart hits you!
* * * LOW HITPOINT WARNING * * *
You block the orc's attack. The orc hits you but does no damage.
RandomusNamus's ghost stares at you and mumbles some strange words.
The magic dart hits you but does no damage.
The orc hits you but does no damage. x2
You hit RandomusNamus's ghost.
RandomusNamus's ghost is almost destroyed.
You closely miss the orc.
RandomusNamus's ghost stares at you and mumbles some strange words.
The magic dart hits you.
* * * LOW HITPOINT WARNING * * *
The orc hits you from afar with a +0 trident.
You die...

# ###.###.#.##
#..########.# #
#..........######...# #.#
#####..###..........)...#
#.# #......#
#.....######...#######.#
#.####.# ####..#
#.............# #.# #.#
#..# #.#.########### #.#
########8.####.#.# #.#
8.....#..))...#.#
#.####..##..#..o@.....#
.....#..8#..#..#W######
...###..##..#..#o# ####
....#.#..#.# ....#.oW...#
_.8.#.'o..## [...#.'..##
....#.#..# ..##..#..#


You could see RandomusNamus's ghost and 2 orcs.

Vanquished Creatures
  4 gnolls (D:2)
  2 adders
  5 orcs (D:3)
  6 bats
  6 endoplasms
  3 giant cockroaches
  5 goblins
  7 hobgoblins
  4 jackals (D:3)
  A quokka (D:2)
  7 ball pythons
  4 frilled lizards (D:1)
  4 kobolds
  6 rats
64 creatures vanquished.

Notes
Turn   | Place    | Note
-------+----------+-------------------------------------------
     0 | D:1      | Persephone the Gargoyle Fighter began the quest for the
                  | Orb.
     0 | D:1      | Reached XP level 1. HP: 14/14 MP: 1/1
    30 | D:1      | Reached skill level 2 in Axes
    39 | D:1      | Reached XP level 2. HP: 11/19 MP: 2/2
   191 | D:1      | Reached skill level 3 in Axes
   194 | D:1      | Reached XP level 3. HP: 23/23 MP: 3/3
   635 | D:2      | Found a broken altar of Ashenzari.
   707 | D:2      | Reached XP level 4. HP: 8/28 MP: 4/4
   713 | D:2      | Reached skill level 4 in Axes
  1154 | D:3      | Found a faded altar of an unknown god.
  1754 | D:3      | Reached XP level 5. HP: 32/32 MP: 5/5
  1844 | D:3      | Identified the +3 dagger of Ravage {freeze, rC+ Int+3}
  1844 | D:3      | Identified the +4 chain mail of Duck's Teeth {Int+4}
  1846 | D:3      | Found a runed translucent gate.
  1846 | D:3      | Found a runed translucent gate.
  1846 | D:3      | Found a runed translucent gate.
  1846 | D:3      | Noticed RandomusNamus's ghost (amateur OpCj)
  1977 | D:3      | Slain by an orc

Illustrated notes

Levels and vault maps discovered:
D:1:      dpeg_arrival_rooms_with_view, layout_rooms
D:2:      layout_rooms, basic_altar, grunt_ministairs_8
D:3:      layout_loops_ring, biasface_ghost_orc_armoury,
          nicolae_ecumenical_oubliette, chequers_avenue

Skill      XL: |  1  2  3  4 |
---------------+-------------+-----
Axes           | 2 3 4 |  4.7
Fighting       | |  3.2
Armour         | |  3.2
Shields        | |  3.2

Action                     |  1- 3 |  4- 6 || total
---------------------------+-------+-------++-------
  Melee: War axe           |    13 |       ||    13
         Broad axe         |    36 |    82 ||   118
  Throw: Javelin           |    28 |    17 ||    45
    Use: Potion            |       |     1 ||     1
 Armour: Scale mail        |    54 |    95 ||   149
  Dodge: Dodged            |    29 |    65 ||    94
  Block: Buckler           |    16 |    21 ||    37

Table legend: (Time is in decaauts)
 A = Elapsed time spent in this place.
 B = Non-inter-level travel time spent in this place.
 C = Inter-level travel time spent in this place.
 D = Time resting spent in this place.
 E = Time spent auto-exploring this place.
 F = Levels seen in this place.
 G = Mean time per level.
                   A        B        C        D        E       F      G
               +--------+--------+--------+--------+--------+-----+--------+
         Total |   2058 |   2017 |     41 |      0 |   1576 |   3 |  686.0 |
       Dungeon |   2058 |   2017 |     41 |      0 |   1576 |   3 |  686.0 |
               +--------+--------+--------+--------+--------+-----+--------+

Top non-repeatable levels by time:
     D:3: 861 daAuts
     D:1: 617 daAuts
     D:2: 579 daAuts
